[Event "Asian Amateur Rapid 2024"]
[Site "Al Ain"]
[Date "2024.12.15"]
[Round "6.23"]
[White "Manuwaruna, Sethun Neththaru"]
[Black "Ebenezer, Joseph"]
[Result "0-1"]
[ECO "A05"]
[WhiteElo "1933"]
[BlackElo "1993"]
[Annotator "NA COMBH"]
[PlyCount "101"]
[EventDate "2024.12.15"]
[EventType "swiss"]
[EventCountry "UAE"]
[SourceTitle "playchess.com"]
[Source "ChessBase"]
[SourceQuality "1"]
[TimeControl "900+10"]

1. Nf3 Nf6 2. g3 g6 3. Bg2 Bg7 4. d3 O-O 5. e4 d6 6. O-O e5 7. Nc3 Nc6 8. h3 h6 9. Be3 Kh7 10. Ne1 Nd4 11. Ne2 Nh5 12. c3 Ne6 13. d4 f5 14. dxe5 dxe5 15. f4 Qxd1 16. Rxd1 exf4 17. gxf4 c6 18. exf5 gxf5 19. Nd3 Nc7 20. Bf3 Re8 21. Bd4 Nf6 22. Ne5 Be6 23. Ng3 Nfd5 24. Bg2 Bh8 25. c4 Nf6 26. Kh2 Rg8 27. Rg1 Nce8 28. Bf3 a5 29. Nh5 Nxh5 30. Bxh5 Bg7 31. Nf7 Bxd4 32. Rxd4 Rxg1 33. Kxg1 Ng7 34. Rd6 Rg8 35. Kf2 Nxh5 36. Rxe6 Nxf4 37. Re7 Nxh3+ 38. Kf3 Rg7 39. Rxb7 Ng5+ 40. Nxg5+ hxg5 41. Rb6 g4+ 42. Kg2 Rc7 43. Ra6 Kg6 44. Rxa5 Rd7 45. b3 Rd2+ 46. Kg3 Kg5 47. b4 Rc2 48. a3 Rxc4 49. Rc5 Rxc5 50. bxc5 Kf6 {[%emt 0:00:03] Check Result:-#19} 51. Kf4 0-1

[Event "Asian Amateur Rapid 2024"]
[Site "Al Ain"]
[Date "2024.12.15"]
[Round "6.24"]
[White "Mosallam, Mohammad"]
[Black "Saud Bader Huwair Alzarooni"]
[Result "1-0"]
[ECO "B23"]
[WhiteElo "1753"]
[BlackElo "1644"]
[Annotator "NA COMBH"]
[PlyCount "64"]
[EventDate "2024.12.15"]
[EventType "swiss"]
[EventCountry "UAE"]
[SourceTitle "playchess.com"]
[Source "ChessBase"]
[SourceQuality "1"]
[TimeControl "900+10"]

1. e4 c5 2. Nc3 Nc6 3. f4 e6 4. Nf3 Nge7 5. a3 d5 6. b4 cxb4 7. axb4 Nxb4 8. Ba3 Nec6 9. e5 d4 10. Ne4 d3 11. cxd3 Nxd3+ 12. Bxd3 Qxd3 13. Qe2 Qxe2+ 14. Kxe2 Bxa3 15. Rxa3 O-O 16. Nd6 b6 17. Rb1 Rb8 18. Rc1 Bd7 19. Rac3 Nb4 20. Rc7 Bc6 21. R1xc6 Nxc6 22. Rxc6 b5 23. Nd4 b4 24. Nb3 a5 25. Ra6 Ra8 26. Rxa5 Rxa5 27. Nxa5 Ra8 28. Ndc4 Rd8 29. d3 f6 30. Nc6 Rd5 31. Nxb4 Rb5 32. Nc6 {[%emt 0:00:05] Check Result:#37} Kf7 1-0

[Event "Asian Amateur Rapid 2024"]
[Site "Al Ain"]
[Date "2024.12.15"]
[Round "6.25"]
[White "Obado, Sean Adrich"]
[Black "Kim, Taewoo A"]
[Result "1-0"]
[ECO "B22"]
[WhiteElo "1605"]
[BlackElo "1863"]
[Annotator "NA COMBH"]
[PlyCount "87"]
[EventDate "2024.12.15"]
[EventType "swiss"]
[EventCountry "UAE"]
[SourceTitle "playchess.com"]
[Source "ChessBase"]
[SourceQuality "1"]
[TimeControl "900+10"]

1. e4 c5 2. c3 Nf6 3. e5 Nd5 4. d4 d6 5. Nf3 Nc6 6. Bc4 dxe5 7. Nxe5 Nxe5 8. dxe5 e6 9. O-O Be7 10. Qg4 Kf8 11. Nd2 h5 12. Qf3 b6 13. Ne4 Bb7 14. Bf4 g5 15. Bd2 g4 16. Qe2 a6 17. f3 b5 18. Bb3 Qb6 19. Kh1 Qc7 20. fxg4 Qxe5 21. Rxf7+ Kxf7 22. Ng5+ Qxg5 23. Bxg5 Bxg5 24. Qe5 c4 25. Rf1+ Bf6 26. Bc2 Ke7 27. Qe4 hxg4 28. Re1 e5 29. Qxg4 Rag8 30. Qf3 Ba8 31. Be4 Nc7 32. Bxa8 Rxa8 33. Qc6 Rac8 34. Rd1 Kf7 35. Rd7+ Kg6 36. Qe4+ Kg5 37. g3 Rh3 38. Qe3+ Kg6 39. Qf3 Rch8 40. Qg4+ Bg5 41. Rd6+ Kf7 42. Qf5+ Ke7 43. Rd7+ Ke8 {[%emt 0:00:01] Check Result:?ev?} 44. Qf7# 1-0

[Event "Asian Amateur Rapid 2024"]
[Site "Al Ain"]
[Date "2024.12.15"]
[Round "6.26"]
[White "Alviz, Joshua Ezekiel"]
[Black "Aamer Saeed, Alyileili"]
[Result "1-0"]
[ECO "B22"]
[WhiteElo "1766"]
[BlackElo "1619"]
[Annotator "NA COMBH"]
[PlyCount "53"]
[EventDate "2024.12.15"]
[EventType "swiss"]
[EventCountry "UAE"]
[SourceTitle "playchess.com"]
[Source "ChessBase"]
[SourceQuality "1"]
[TimeControl "900+10"]

1. e4 c6 2. d4 d5 3. exd5 cxd5 4. c4 Nc6 5. cxd5 Qxd5 6. Nf3 Bg4 7. Nc3 Qd8 8. d5 Bxf3 9. gxf3 Ne5 10. Qa4+ Nd7 11. Bf4 a6 12. Bh3 b5 13. Qd4 Ngf6 14. O-O g6 15. d6 e6 16. Rfe1 Bg7 17. Bxe6 O-O 18. Bxd7 Nxd7 19. Qd2 Nc5 20. Nd5 Ne6 21. Bg3 Re8 22. Rad1 Kh8 23. Kg2 Qg5 24. Rxe6 Qxd2 25. Rxe8+ Rxe8 26. Rxd2 Rd8 {[%emt 0:00:04] Check Result:12.31} 27. Nb6 1-0

[Event "Asian Amateur Rapid 2024"]
[Site "Al Ain"]
[Date "2024.12.15"]
[Round "6.28"]
[White "Amirgali, Nurali"]
[Black "Al Mamari, Said Ahmed"]
[Result "0-1"]
[ECO "B03"]
[WhiteElo "1572"]
[BlackElo "1707"]
[Annotator "NA COMBH"]
[PlyCount "46"]
[EventDate "2024.12.15"]
[EventType "swiss"]
[EventCountry "UAE"]
[SourceTitle "playchess.com"]
[Source "ChessBase"]
[SourceQuality "1"]
[TimeControl "900+10"]

1. e4 Nf6 2. e5 Nd5 3. c4 Nb6 4. d4 d6 5. f4 dxe5 6. fxe5 Nc6 7. Be3 Bf5 8. Nf3 e6 9. Bd3 Bg4 10. Nbd2 Be7 11. O-O O-O 12. Qc2 g6 13. Bh6 Nxd4 14. Nxd4 Qxd4+ 15. Kh1 Rfd8 16. Rxf7 Kxf7 17. Bxg6+ hxg6 18. Rf1+ Bf5 19. g4 Qxg4 20. c5 Rh8 21. cxb6 Rxh6 22. bxc7 Rxh2+ 23. Kxh2 {[%emt 0:00:00] Check Result:?ev?} Rh8# 0-1

[Event "Asian Amateur Rapid 2024"]
[Site "Al Ain"]
[Date "2024.12.15"]
[Round "6.29"]
[White "Sharfa, Farukh"]
[Black "nawaf saleh basabaien"]
[Result "0-1"]
[ECO "A54"]
[WhiteElo "1536"]
[BlackElo "1729"]
[Annotator "NA COMBH"]
[PlyCount "102"]
[EventDate "2024.12.15"]
[EventType "swiss"]
[EventCountry "UAE"]
[SourceTitle "playchess.com"]
[Source "ChessBase"]
[SourceQuality "1"]
[TimeControl "900+10"]

1. Nf3 d6 2. d4 Nf6 3. c4 Nbd7 4. Nc3 e5 5. Bg5 Be7 6. dxe5 dxe5 7. e3 c6 8. Qc2 Qc7 9. Be2 O-O 10. O-O Re8 11. Bh4 Bf8 12. Bg3 h6 13. Nd2 a5 14. a3 b6 15. h3 Bb7 16. Bf3 Nh7 17. h4 Rad8 18. Rad1 Bc8 19. Rfe1 Nc5 20. Nb3 Be6 21. Nxc5 Bxc5 22. Ne2 f5 23. Kh1 Nf6 24. Ng1 Bd6 25. Nh3 f4 26. exf4 exf4 27. Bxf4 Bxf4 28. Rxd8 Rxd8 29. Rxe6 Bd6 30. Qg6 Qf7 31. Qf5 c5 32. b3 Bb8 33. Rxb6 Qc7 34. Rxb8 Qxb8 35. Qxc5 Qxb3 36. Nf4 Qb1+ 37. Kh2 Qe1 38. Kg3 Ne4+ 39. Bxe4 Qxe4 40. Qxa5 Rd4 41. Qc7 Rxc4 42. Qb8+ Kh7 43. h5 Rc3+ 44. f3 Qf5 45. a4 Qg5+ 46. Kh3 Qf5+ 47. Kg3 Rc4 48. a5 Qg5+ 49. Kh3 Rxf4 50. a6 Qxh5+ 51. Kg3 {[%emt 0:00:02] Check Result:?ev?} Qh4# 0-1

[Event "Asian Amateur Rapid 2024"]
[Site "Al Ain"]
[Date "2024.12.15"]
[Round "6.30"]
[White "Mohamed Yousuf Al-Ali"]
[Black "Al Sabti, Wadhah"]
[Result "1-0"]
[ECO "E97"]
[WhiteElo "1569"]
[BlackElo "1470"]
[Annotator "NA COMBH"]
[PlyCount "73"]
[EventDate "2024.12.15"]
[EventType "swiss"]
[EventCountry "UAE"]
[SourceTitle "playchess.com"]
[Source "ChessBase"]
[SourceQuality "1"]
[TimeControl "900+10"]

1. d4 Nf6 2. Nf3 g6 3. c4 Bg7 4. Nc3 O-O 5. e4 d6 6. Be2 Qe8 7. e5 dxe5 8. dxe5 Ng4 9. Bf4 Nc6 10. Nb5 Qd8 11. Qxd8 Rxd8 12. Nxc7 Rb8 13. Nd5 e6 14. Nf6+ Kh8 15. Nxg4 Nb4 16. O-O Bd7 17. a3 Nc6 18. Rad1 h5 19. Nf6 Bxf6 20. exf6 Rbc8 21. Bd6 b6 22. Be7 Nxe7 23. fxe7 Re8 24. Rxd7 a5 25. a4 Kg7 26. Rfd1 Kf6 27. h4 Rxe7 28. R7d6 Kg7 29. Rxb6 e5 30. Rb5 e4 31. Ng5 e3 32. fxe3 Rxe3 33. Rb7 Rxe2 34. Rxf7+ Kg8 35. Rd6 Rxc4 36. Rd8+ Re8 {[%emt 0:00:03] Check Result:?ev?} 37. Rxe8# 1-0

[Event "Asian Amateur Rapid 2024"]
[Site "Al Ain"]
[Date "2024.12.15"]
[Round "6.31"]
[White "Pathak Anshu Kr"]
[Black "Ahmed Younes Alkhemeiri"]
[Result "1-0"]
[ECO "C45"]
[WhiteElo "1661"]
[BlackElo "1584"]
[Annotator "NA COMBH"]
[PlyCount "49"]
[EventDate "2024.12.15"]
[EventType "swiss"]
[EventCountry "UAE"]
[SourceTitle "playchess.com"]
[Source "ChessBase"]
[SourceQuality "1"]
[TimeControl "900+10"]

1. e4 e5 2. Nf3 Nc6 3. d4 exd4 4. Nxd4 Bc5 5. Be3 Nxd4 6. Bxd4 Bxd4 7. Qxd4 Nf6 8. e5 Ng8 9. Nc3 b6 10. Bc4 Bb7 11. O-O-O Qe7 12. Bd5 c6 13. Nb5 O-O-O 14. Nd6+ Kb8 15. Bxf7 Nh6 16. Bb3 c5 17. Qd2 Qxe5 18. Rhe1 Qf6 19. Nxb7 Kxb7 20. Bd5+ Kb8 21. Qe2 Qg5+ 22. Kb1 d6 23. Qb5 Qf5 24. Qc6 Qd7 {[%emt 0:00:02] Check Result:#1} 25. Qa8+ 1-0

[Event "Asian Amateur Rapid 2024"]
[Site "Al Ain"]
[Date "2024.12.15"]
[Round "6.33"]
[White "Muhammad Saifan Noushad Ibrahi"]
[Black "Shafaghati, Rastin"]
[Result "1-0"]
[ECO "C02"]
[WhiteElo "1534"]
[BlackElo "1575"]
[Annotator "NA COMBH"]
[PlyCount "95"]
[EventDate "2024.12.15"]
[EventType "swiss"]
[EventCountry "UAE"]
[SourceTitle "playchess.com"]
[Source "ChessBase"]
[SourceQuality "1"]
[TimeControl "900+10"]

1. e4 e6 2. d4 d5 3. e5 c5 4. c3 Nc6 5. Nf3 Qb6 6. Bd3 cxd4 7. cxd4 Bd7 8. Bc2 Nb4 9. Nc3 Nxc2+ 10. Qxc2 Rc8 11. O-O Bb4 12. Bd2 Ne7 13. a3 Bxc3 14. Bxc3 Nf5 15. Qd2 O-O 16. Bb4 Rfe8 17. Rfc1 Rc6 18. Rxc6 Bxc6 19. Rc1 Qc7 20. a4 Qd7 21. a5 b6 22. axb6 axb6 23. Qc3 Rc8 24. Ba3 Bb7 25. Qd2 Rxc1+ 26. Qxc1 Qc6 27. Qxc6 Bxc6 28. Kf1 Bb5+ 29. Ke1 h5 30. Kd2 Bf1 31. g3 Bg2 32. Ne1 Be4 33. Kc3 Bb1 34. b3 f6 35. Kb2 Be4 36. f3 Nxd4 37. fxe4 fxe5 38. exd5 exd5 39. Bd6 Nc6 40. Nd3 e4 41. Nb4 Nxb4 42. Bxb4 Kf7 43. Kc3 Ke6 44. Kd4 b5 45. Kc5 Ke5 46. Bc3+ Ke6 47. Kxb5 e3 {[%emt 0:00:03] Check Result:128.49} 48. Kc5 1-0

[Event "Asian Amateur Rapid 2024"]
[Site "Al Ain"]
[Date "2024.12.15"]
[Round "6.34"]
[White "Abdulla Younes Alkhemeiri"]
[Black "Maleki, Alimohammad"]
[Result "1-0"]
[ECO "D53"]
[WhiteElo "1547"]
[BlackElo "1488"]
[Annotator "NA COMBH"]
[PlyCount "97"]
[EventDate "2024.12.15"]
[EventType "swiss"]
[EventCountry "UAE"]
[SourceTitle "playchess.com"]
[Source "ChessBase"]
[SourceQuality "1"]
[TimeControl "900+10"]

1. d4 d5 2. c4 c6 3. Nc3 Nf6 4. Bg5 e6 5. e3 Nbd7 6. Nf3 Be7 7. cxd5 Nxd5 8. Bxe7 Qxe7 9. e4 N5f6 10. e5 Nd5 11. Nxd5 cxd5 12. Bd3 O-O 13. O-O b6 14. Nd2 a5 15. Bc2 Qb4 16. Nb3 Ba6 17. Bd3 a4 18. Bxa6 Rxa6 19. Qd2 Qb5 20. Nc1 Qa5 21. Qxa5 Rxa5 22. b4 axb3 23. Nxb3 Ra3 24. Rfc1 Rfa8 25. h3 Rxa2 26. Rxa2 Rxa2 27. Rc8+ Nf8 28. Rb8 Ra6 29. Kf1 g6 30. Rb7 h5 31. Ke2 Nh7 32. f4 g5 33. g3 Kg7 34. Kd3 Kg6 35. Kc3 h4 36. gxh4 gxf4 37. Kd3 f6 38. h5+ Kh6 39. Ke2 fxe5 40. dxe5 Ng5 41. h4 Ra2+ 42. Kf1 Ne4 43. Rxb6 Kxh5 44. Rxe6 Ng3+ 45. Ke1 f3 46. Rf6 Kg4 47. Nd2 Rxd2 48. Kxd2 Ne4+ {[%emt 0:00:01] Check Result:#22} 49. Ke3 1-0

[Event "Asian Amateur Rapid 2024"]
[Site "Al Ain"]
[Date "2024.12.15"]
[Round "6.36"]
[White "Abdulla Ateeq Alremaeithi"]
[Black "Alymjanov, Mekan"]
[Result "1-0"]
[ECO "C60"]
[WhiteElo "1639"]
[BlackElo "1480"]
[Annotator "NA COMBH"]
[PlyCount "33"]
[EventDate "2024.12.15"]
[EventType "swiss"]
[EventCountry "UAE"]
[SourceTitle "playchess.com"]
[Source "ChessBase"]
[SourceQuality "1"]
[TimeControl "900+10"]

1. e4 e5 2. Nf3 Nc6 3. Bb5 Nge7 4. c3 g6 5. O-O Bg7 6. d4 exd4 7. cxd4 O-O 8. Nc3 a6 9. Ba4 b5 10. Bb3 Bb7 11. Re1 d6 12. Bg5 Qd7 13. Qd2 Rfe8 14. Bh6 Bh8 15. Ng5 Nd8 16. Qf4 Ne6 {[%emt 0:00:40] Check Result:?ev?} 17. Qxf7# 1-0

[Event "Asian Amateur Rapid 2024"]
[Site "Al Ain"]
[Date "2024.12.15"]
[Round "6.37"]
[White "Mohammed Hamad Alkhemeiri"]
[Black "Kalikhan, Abilmansur"]
[Result "1-0"]
[ECO "C01"]
[WhiteElo "1482"]
[BlackElo "1731"]
[Annotator "NA COMBH"]
[PlyCount "101"]
[EventDate "2024.12.15"]
[EventType "swiss"]
[EventCountry "UAE"]
[SourceTitle "playchess.com"]
[Source "ChessBase"]
[SourceQuality "1"]
[TimeControl "900+10"]

1. e4 e6 2. d4 d5 3. exd5 exd5 4. Nf3 Nf6 5. Bg5 Be7 6. Bd3 c6 7. c3 h6 8. Bh4 Bg4 9. Nbd2 Nbd7 10. O-O O-O 11. Qc2 c5 12. Bxf6 Bxf6 13. dxc5 Nxc5 14. Bf5 Bxf5 15. Qxf5 g6 16. Qc2 Re8 17. Rfe1 Qd6 18. b4 Ne6 19. Rad1 Qc7 20. c4 Rac8 21. c5 b6 22. Nb3 Red8 23. Rc1 d4 24. Qd3 Nf4 25. Qd2 bxc5 26. Nxc5 d3 27. Nxd3 Qb8 28. Qxf4 Rxd3 29. Qxf6 Rxc1 30. Rxc1 Qc7 31. Qb2 Qd7 32. h3 g5 33. Ne5 Rd1+ 34. Rxd1 Qxd1+ 35. Kh2 Qd6 36. g3 f6 37. Nc4 Qd5 38. Qb3 Kg7 39. Ne3 Qf3 40. Qc2 h5 41. Nf5+ Kf7 42. Nd6+ Kg7 43. Qc7+ Kg6 44. Qxa7 h4 45. Qf7+ Kh6 46. Qf8+ Kh7 47. Qe7+ Kh6 48. Nf7+ Kg6 49. Nh8+ Kf5 50. g4+ Kf4 {[%emt 0:00:04] Check Result:?ev?} 51. Ng6# 1-0

[Event "Asian Amateur Rapid 2024"]
[Site "Al Ain"]
[Date "2024.12.15"]
[Round "6.38"]
[White "Godhani Maharth"]
[Black "taleb al, ameri"]
[Result "0-1"]
[ECO "A85"]
[WhiteElo "1798"]
[BlackElo "1623"]
[Annotator "NA COMBH"]
[PlyCount "138"]
[EventDate "2024.12.15"]
[EventType "swiss"]
[EventCountry "UAE"]
[SourceTitle "playchess.com"]
[Source "ChessBase"]
[SourceQuality "1"]
[TimeControl "900+10"]

1. d4 f5 2. Nf3 Nf6 3. e3 e6 4. Bd3 b6 5. c4 Bb7 6. Nc3 a6 7. O-O Be7 8. Qe2 O-O 9. e4 fxe4 10. Nxe4 Nc6 11. a3 Na5 12. Bd2 Nb3 13. Rad1 Nxd2 14. Nfxd2 d5 15. Ng5 dxc4 16. Bxc4 Bd5 17. Bxd5 Qxd5 18. Qxe6+ Qxe6 19. Nxe6 Rfc8 20. Nc4 b5 21. Ne5 Bd6 22. f4 Re8 23. d5 Nxd5 24. Nxc7 Bc5+ 25. Kh1 Nxc7 26. Rc1 Ne6 27. f5 Bd4 28. Nf3 Bxb2 29. Rc2 Bxa3 30. fxe6 Rxe6 31. Nd4 Rh6 32. Rc7 Rxh2+ 33. Kg1 Rh5 34. Ne6 Bb2 35. Rf2 Be5 36. Rcf7 Bf6 37. Rb7 Re8 38. Re2 Re5 39. Rxe5 Bxe5 40. Nc7 Bxc7 41. Rxc7 Ra8 42. Rb7 a5 43. Rxb5 a4 44. Rb2 a3 45. Ra2 Kf7 46. Kh2 Ke6 47. Kg3 Kd5 48. Kf3 Kc4 49. Ke3 Kb3 50. Rf2 a2 51. Rf1 a1=Q 52. Rxa1 Rxa1 53. Kf4 Ra5 54. Kg4 Kc3 55. Kh4 Kd3 56. g4 Ke4 57. g5 g6 58. Kg4 Ke5 59. Kh4 Kf5 60. Kh3 Kxg5 61. Kg2 Ra3 62. Kf2 Kf4 63. Ke2 h5 64. Kf2 Ra2+ 65. Kg1 Kg3 66. Kf1 h4 67. Ke1 h3 68. Kd1 h2 69. Kc1 {[%emt 0:00:01] Check Result:?ev?} h1=Q# 0-1

[Event "Asian Amateur Rapid 2024"]
[Site "Al Ain"]
[Date "2024.12.15"]
[Round "6.41"]
[White "Muhammad Saleem, Hamad"]
[Black "Mohammed Saeed Alshamsi"]
[Result "0-1"]
[ECO "C50"]
[WhiteElo "1577"]
[BlackElo "1535"]
[Annotator "NA COMBH"]
[PlyCount "54"]
[EventDate "2024.12.15"]
[EventType "swiss"]
[EventCountry "UAE"]
[SourceTitle "playchess.com"]
[Source "ChessBase"]
[SourceQuality "1"]
[TimeControl "900+10"]

1. e4 e5 2. Nf3 Nc6 3. Bc4 Bc5 4. Nc3 Nf6 5. d3 h6 6. O-O d6 7. h3 Na5 8. Ne2 Nxc4 9. dxc4 Nxe4 10. Be3 Qf6 11. Bxc5 Nxc5 12. Ng3 O-O 13. b4 Ne6 14. Ne4 Qg6 15. Re1 Nf4 16. Ng3 a5 17. b5 Be6 18. Qd2 Bxc4 19. Qc3 Bd5 20. Rad1 Bxf3 21. Qxf3 Qxc2 22. Qxb7 Nd3 23. Rf1 Nf4 24. Rfe1 Rfb8 25. Qc6 Qxc6 26. bxc6 Rb6 27. Rc1 {[%emt 0:01:00] Check Result:-6.91} Nd3 0-1

[Event "Asian Amateur Rapid 2024"]
[Site "Al Ain"]
[Date "2024.12.15"]
[Round "6.42"]
[White "Al Riyami, Saeed"]
[Black "Alajati, Abdl Alrahman."]
[Result "0-1"]
[ECO "D00"]
[WhiteElo "1426"]
[BlackElo "1555"]
[Annotator "NA COMBH"]
[PlyCount "94"]
[EventDate "2024.12.15"]
[EventType "swiss"]
[EventCountry "UAE"]
[SourceTitle "playchess.com"]
[Source "ChessBase"]
[SourceQuality "1"]
[TimeControl "900+10"]

1. d4 d5 2. Nc3 Bf5 3. Bf4 a6 4. e3 Nc6 5. Bd3 Bg6 6. Qf3 Bxd3 7. cxd3 Nf6 8. e4 Nxd4 9. Qd1 e6 10. Nf3 dxe4 11. dxe4 Nxf3+ 12. Qxf3 Bb4 13. O-O O-O 14. a3 Bxc3 15. bxc3 h6 16. Rfd1 Qe7 17. e5 Nd5 18. c4 Nxf4 19. Qxf4 Rad8 20. Qe4 c6 21. f4 Rxd1+ 22. Rxd1 Rd8 23. Rxd8+ Qxd8 24. f5 Qd1+ 25. Kf2 Qd2+ 26. Kf3 Qc3+ 27. Kf4 exf5 28. Kxf5 Qxa3 29. e6 Qc5+ 30. Kf4 Qf2+ 31. Kg4 f5+ 32. Qxf5 Qxf5+ 33. Kxf5 Kf8 34. Ke5 Ke7 35. g4 a5 36. h4 a4 37. g5 a3 38. gxh6 gxh6 39. c5 a2 40. h5 a1=Q+ 41. Kf5 Qf1+ 42. Kg6 Qf6+ 43. Kh7 Qf1 44. Kxh6 Qg1 45. Kh7 Kxe6 46. h6 Kf7 47. Kh8 {[%emt 0:00:00] Check Result:?ev?} Qg8# 0-1

[Event "Asian Amateur Rapid 2024"]
[Site "Al Ain"]
[Date "2024.12.15"]
[Round "6.43"]
[White "Khabdes, Bakytzhan"]
[Black "KHALID ALHAWAY"]
[Result "1-0"]
[ECO "A00"]
[WhiteElo "1437"]
[BlackElo "1529"]
[Annotator "NA COMBH"]
[PlyCount "69"]
[EventDate "2024.12.15"]
[EventType "swiss"]
[EventCountry "UAE"]
[SourceTitle "playchess.com"]
[Source "ChessBase"]
[SourceQuality "1"]
[TimeControl "900+10"]

1. f3 e5 2. Kf2 Bc5+ 3. e3 d5 4. a3 Nf6 5. g3 e4 6. Bh3 Bxh3 7. Nxh3 Nc6 8. b4 Bb6 9. Bb2 exf3 10. Qxf3 d4 11. Re1 Ne5 12. Qxb7 Nfg4+ 13. Kg2 dxe3 14. d4 c6 15. dxe5 Qd5+ 16. Kf1 Qf3+ 17. Kg1 e2+ 18. Qxb6 axb6 19. Nc3 Rd8 20. Rxe2 Rd5 21. Rf1 Nf2 22. Rfxf2 Qh5 23. Nf4 Qg4 24. Ncxd5 cxd5 25. Nxd5 O-O 26. e6 h5 27. exf7+ Kh7 28. Re8 Qd1+ 29. Rf1 Qxd5 30. Rxf8 Qg5 31. Rh8+ Kxh8 32. f8=Q+ Kh7 33. Qf5+ Qg6 34. Qxg6+ Kxg6 {[%emt 0:00:02] Check Result:#9} 35. h4 1-0